[Event "Titled Tuesday Blitz December 13 Late 2022"]
[White "Svane, Frederik"]
[Black "Deac, Bogdan-Daniel"]
[WhiteFideId "12923044"]
[BlackFideId "1226380"]
[WhiteElo "2466"]
[BlackElo "2649"]
[Result "0-1"]
[Round "04"]
[TimeControl "180+1"]
[Date "2022.12.13"]
[WhiteClock "0:00:04"]
[BlackClock "0:00:05"]

1. e4 c6 2. d4 d5 3. exd5 cxd5 4. c3 Qc7 5. g3 Bf5 6. Bf4 Qd7 7. Nf3 Nc6 8. Bd3 g6 9. O-O Nf6 10. Re1 Bg7 11. Bb5 O-O 12. Ne5 Qc8 13. Nd2 Nh5 14. Be3 Nxe5 15. dxe5 Bxe5 16. Nf3 Bd6 17. Qxd5 Nf6 18. Qb3 a6 19. Bf1 Be6 20. Qc2 Bd5 21. Bg2 b5 22. a4 Qb7 23. Qe2 Rfc8 24. Bd4 b4 25. Nh4 Bxg2 26. Nxg2 bxc3 27. bxc3 Qc6 28. Rec1 e5 29. Bxe5 Re8 30. f4 Nd7 31. Kh1 Nxe5 32. fxe5 Rxe5 33. Qf2 Rae8 34. Rf1 f5 35. Qf3 Qxf3 36. Rxf3 Re2 37. Rd1 Bf8 38. h3 Rc2 39. Nf4 Bh6 40. Ng2 Ree2 41. Rg1 Bf8 42. Re3 Red2 43. Re8 Rxc3 44. Rb1 Kf7 45. Reb8 Rcc2 46. R1b7+ Kg8 47. Ra7 Rxg2 48. Raa8 Rh2+ 49. Kg1 Kg7 50. Rxf8 Rcg2+ 51. Kf1 Ra2 52. Rg8+ Kh6 53. Rxa6 Rh1# 0-1


[Site "https://www.chess.com"]

[Event "Titled Tuesday Blitz December 13 Late 2022"]
[White "Svane, Rasmus"]
[Black "Goltsev, Dmitry"]
[WhiteFideId "4657101"]
[BlackFideId "24176710"]
[WhiteElo "2674"]
[BlackElo "2327"]
[Result "1-0"]
[Round "04"]
[TimeControl "180+1"]
[Date "2022.12.13"]
[WhiteClock "0:01:03"]
[BlackClock "0:01:46"]

1. Nf3 d5 2. g3 c6 3. Bg2 Nf6 4. O-O g6 5. c4 Bg7 6. b3 Ne4 7. d4 O-O 8. Bb2 Nd7 9. Nc3 Nxc3 10. Bxc3 Nf6 11. e3 Ne4 12. Bb2 Bg4 13. Qc2 Qd7 14. Ne5 Bxe5 15. dxe5 Bf5 16. cxd5 cxd5 17. Qd1 h5 18. Qd4 e6 19. f3 Ng5 20. h4 Nh7 21. e4 Kh8 22. exf5 gxf5 23. Bc1 Rg8 24. Bf4 Nf8 25. Rac1 Ng6 26. Rc2 Nxf4 27. Qxf4 Rg6 28. Rfc1 Rag8 29. Rc7 Qe8 30. Kh2 Kh7 31. Rxb7 Rxg3 32. Qxg3 Rxg3 33. Kxg3 Qg8+ 34. Kf2 f4 35. Rcc7 Qg3+ 36. Kf1 Qxh4 37. Rxf7+ Kg8 38. Rfd7 1-0


[Site "https://www.chess.com"]

[Event "Titled Tuesday Blitz December 13 Late 2022"]
[White "Tatarinov, Dmitry"]
[Black "Martinez Ramirez, Lennis"]
[WhiteFideId "24160067"]
[BlackFideId "3509079"]
[WhiteElo "2326"]
[BlackElo "2439"]
[Result "0-1"]
[Round "04"]
[TimeControl "180+1"]
[Date "2022.12.14"]
[WhiteClock "0:00:15"]
[BlackClock "0:00:31"]

1. c4 Nf6 2. Nc3 e6 3. e4 d5 4. e5 d4 5. exf6 dxc3 6. bxc3 Qxf6 7. Bd3 Nd7 8. Nf3 e5 9. O-O Bd6 10. Re1 O-O 11. Rb1 b6 12. Be4 Rb8 13. d4 h6 14. c5 Be7 15. c6 exd4 16. cxd7 Bxd7 17. cxd4 Bd6 18. Ne5 Be6 19. Qc2 c5 20. Nc6 Rbc8 21. d5 Bg4 22. Bb2 Qh4 23. g3 Qh5 24. Be5 Rxc6 25. dxc6 Bxe5 26. Bg2 Bd4 27. Kh1 Bf5 28. Be4 Bxe4+ 29. Qxe4 Bxf2 30. Rf1 Bxg3 31. Rb2 Bb8 32. Rg2 Rc8 33. Rfg1 Be5 34. Qd5 Kh8 35. Re1 f6 36. Qd7 Rg8 37. c7 Qe8 38. Rxg7 Qa8+ 39. Kg1 Rxg7+ 40. Qxg7+ Kxg7 41. Rxe5 fxe5 42. c8=Q Qxc8 0-1


[Site "https://www.chess.com"]

[Event "Titled Tuesday Blitz December 13 Late 2022"]
[White "Timmermans, Mark"]
[Black "Brown, Andrew"]
[WhiteFideId "1026399"]
[BlackFideId "3206513"]
[WhiteElo "2460"]
[BlackElo "2245"]
[Result "1-0"]
[Round "04"]
[TimeControl "180+1"]
[Date "2022.12.14"]
[WhiteClock "0:00:23"]
[BlackClock "0:00:01"]

1. b4 e5 2. Bb2 Bxb4 3. Bxe5 Nf6 4. Nc3 Nc6 5. Bxf6 Qxf6 6. Nd5 Qd6 7. c4 O-O 8. Nf3 Ba5 9. e3 Ne7 10. Nxe7+ Qxe7 11. Be2 d6 12. O-O Bf5 13. d4 c5 14. Bd3 Bg6 15. Rb1 b6 16. Qc2 Rfe8 17. Rfd1 cxd4 18. Nxd4 Rac8 19. Bxg6 hxg6 20. Nb5 Red8 21. Rd5 Rc5 22. Rbd1 Rxd5 23. cxd5 Bb4 24. Nd4 Qf6 25. Nc6 Bc5 26. Nxd8 Qxd8 27. a4 f5 28. Qc4 Qf6 29. g3 g5 30. h4 Kf7 31. hxg5 Qxg5 32. Kg2 Qf6 33. Qh4 Qb2 34. Qh5+ Kf6 35. Qh4+ Kf7 36. Qd8 Qe5 37. Qd7+ Kg6 38. Qe6+ Qxe6 39. dxe6 Kf6 40. Kf3 Kxe6 41. g4 fxg4+ 42. Kxg4 a6 43. Kf3 b5 44. axb5 axb5 45. Ke4 b4 46. Rg1 Kf6 47. Kd3 g5 48. f3 Kf5 49. Rg4 Kf6 50. Rc4 Ke5 51. Rc1 Kf5 52. Re1 d5 53. Rc1 Bd6 54. Rc6 Be7 55. Rb6 Ke5 56. Rb5 Ke6 57. e4 dxe4+ 58. Kxe4 Kf7 59. Kf5 Ke8 60. Rb7 Kd8 61. Ke6 Bc5 62. Rb5 Bd4 63. Rd5+ 1-0


[Site "https://www.chess.com"]

[Event "Titled Tuesday Blitz December 13 Late 2022"]
[White "Urazayev, Arystanbek"]
[Black "Goncalves, Davi Sulzbacher"]
[WhiteFideId "13709810"]
[BlackFideId "2154510"]
[WhiteElo "2463"]
[BlackElo "2182"]
[Result "1-0"]
[Round "04"]
[TimeControl "180+1"]
[Date "2022.12.14"]
[WhiteClock "0:02:31"]
[BlackClock "0:01:31"]

1. e4 c5 2. Nf3 Nc6 3. d4 cxd4 4. Nxd4 Nf6 5. Nc3 e5 6. Ndb5 d6 7. Bg5 a6 8. Na3 b5 9. Nd5 Be7 10. Bxf6 Bxf6 11. c3 Bg5 12. Nc2 Rb8 13. a4 bxa4 14. Ncb4 Nxb4 15. cxb4 Bd7 16. Rxa4 Bxa4 17. Qxa4+ Qd7 18. Qxa6 O-O 19. Qd3 Qa4 20. Be2 Qa1+ 21. Bd1 Qxb2 22. O-O Bd2 23. Ne7+ Kh8 24. Nc6 Rxb4 25. Qxd6 Rbb8 26. Nxb8 Qxb8 27. Qxd2 1-0


[Site "https://www.chess.com"]

[Event "Titled Tuesday Blitz December 13 Late 2022"]
[White "Van Dael, Siem"]
[Black "Pakleza, Zbigniew"]
[WhiteFideId "1049771"]
[BlackFideId "1119290"]
[WhiteElo "2336"]
[BlackElo "2410"]
[Result "0-1"]
[Round "04"]
[TimeControl "180+1"]
[Date "2022.12.13"]
[WhiteClock "0:00:01"]
[BlackClock "0:00:10"]

1. e4 d6 2. Nc3 Nf6 3. f4 d5 4. e5 d4 5. Nce2 Nd5 6. Nf3 c5 7. g3 Nc6 8. c4 Ndb4 9. d3 Bf5 10. Neg1 Qa5 11. Kf2 h6 12. h4 e6 13. h5 Be7 14. a3 Na6 15. Bg2 f6 16. exf6 Bxf6 17. Nh4 Bxh4 18. Rxh4 O-O 19. Bxc6 bxc6 20. Nf3 Qc7 21. Ne5 Nb8 22. Qf3 Nd7 23. Nxc6 Rae8 24. g4 Bxd3 25. Qxd3 Qxc6 26. g5 e5 27. Qg6 Qxg6 28. hxg6 hxg5 29. Rh2 gxf4 30. Bd2 Re6 31. Rg1 Rff6 32. b4 e4 33. Be1 e3+ 34. Kf3 Ne5+ 35. Ke4 Nxc4+ 36. Kd5 Nb6+ 37. Kxc5 d3 38. Rgh1 Rxg6 39. Bc3 Kf7 40. Bd4 Rg5+ 0-1


[Site "https://www.chess.com"]

[Event "Titled Tuesday Blitz December 13 Late 2022"]
[White "Vedder, Richard"]
[Black "Gritsenko, Nikolai"]
[WhiteFideId "1004166"]
[BlackFideId "14112493"]
[WhiteElo "2168"]
[BlackElo "2389"]
[Result "0-1"]
[Round "04"]
[TimeControl "180+1"]
[Date "2022.12.14"]
[WhiteClock "0:02:23"]
[BlackClock "0:01:32"]

1. d4 d5 2. c4 Nc6 3. cxd5 Qxd5 4. e3 e5 5. Nc3 Bb4 6. Bd2 Bxc3 7. bxc3 Qd6 8. Bc4 Nge7 9. Ne2 O-O 10. O-O Be6 11. Bxe6 Qxe6 12. Ng3 f5 13. Qb3 Qxb3 14. axb3 a6 15. f4 exd4 16. exd4 g6 17. Rfe1 Kf7 18. Re2 Rae8 19. Rae1 Nc8 20. Rxe8 Rxe8 21. Rxe8 Kxe8 22. d5 Na5 23. b4 Nc4 24. Bc1 N8b6 25. Nf1 Nxd5 26. g3 Nxc3 0-1


[Site "https://www.chess.com"]

[Event "Titled Tuesday Blitz December 13 Late 2022"]
[White "Walentukiewicz, Michal"]
[Black "Ibarra Jerez, Jose Carlos"]
[WhiteFideId "1126903"]
[BlackFideId "2226332"]
[WhiteElo "2028"]
[BlackElo "2638"]
[Result "0-1"]
[Round "04"]
[TimeControl "180+1"]
[Date "2022.12.13"]
[WhiteClock "0:00:18"]
[BlackClock "0:00:17"]

1. g3 d6 2. Bg2 Nf6 3. c4 g6 4. Nf3 Bg7 5. O-O O-O 6. Nc3 Nc6 7. d3 e5 8. Rb1 a5 9. a3 Re8 10. b4 axb4 11. axb4 e4 12. Nd2 exd3 13. exd3 Bg4 14. Bf3 Bh3 15. Bg2 Qd7 16. Nde4 Nxe4 17. Nxe4 Nd4 18. Be3 Bg4 19. f3 Be6 20. Qd2 Ra3 21. Bg5 Bf5 22. Nf6+ Bxf6 23. Bxf6 Ne2+ 24. Kh1 Qe6 25. Bb2 Rxd3 26. Qh6 Nc3 27. g4 Qe3 28. Qxe3 Rdxe3 29. Rbc1 Na4 30. Bd4 Rd3 31. Bf6 Bd7 32. Rfe1 Re6 33. g5 Bc6 34. f4 Bxg2+ 35. Kxg2 Rd2+ 36. Kg3 Nb6 37. Ra1 Rd3+ 38. Kg4 Kf8 39. Rxe6 fxe6 40. Ra7 Nxc4 41. Rxb7 Ne3+ 42. Kf3 Nd5+ 43. Ke4 Rb3 44. Rb8+ Kf7 45. Rh8 Nxf6+ 46. gxf6 Rxb4+ 47. Kf3 Kxf6 48. Rxh7 c5 49. Rd7 d5 50. Kg4 g5 0-1


[Site "https://www.chess.com"]

[Event "Titled Tuesday Blitz December 13 Late 2022"]
[White "Winkels, Marcel"]
[Black "Buchenau, Frank"]
[WhiteFideId "1003887"]
[BlackFideId "4604350"]
[WhiteElo "1900"]
[BlackElo "2157"]
[Result "0-1"]
[Round "04"]
[TimeControl "180+1"]
[Date "2022.12.14"]
[WhiteClock "0:00:03"]
[BlackClock "0:01:24"]

1. d4 e6 2. e4 d5 3. e5 c5 4. c3 Qb6 5. Nf3 Bd7 6. Be2 cxd4 7. cxd4 Bb5 8. Bxb5+ Qxb5 9. Nc3 Qa6 10. a4 Nc6 11. Nb5 Qb6 12. O-O a6 13. Nc3 Bb4 14. Bd2 Nge7 15. h4 Nxd4 16. a5 Nxf3+ 17. Qxf3 Qd8 18. h5 h6 19. Qg4 Bxc3 20. Bxc3 Nf5 21. Bb4 Qh4 22. f3 Qxg4 23. fxg4 Ne3 24. Rfc1 Kd7 25. Ra3 Nc4 26. Rac3 Rac8 27. b3 Nxe5 28. Rf1 f6 29. Rf4 Rxc3 30. Bxc3 Nf7 31. Rb4 Nd6 32. Bd4 Nb5 33. Be3 Rc8 34. Kh2 Rc3 35. Bf4 e5 36. Bg3 Kd6 37. Bf2 d4 0-1


[Site "https://www.chess.com"]

[Event "Titled Tuesday Blitz December 13 Late 2022"]
[White "Yoo, Christopher Woojin"]
[Black "Omelja, Artem"]
[WhiteFideId "30909694"]
[BlackFideId "14119846"]
[WhiteElo "2463"]
[BlackElo "2404"]
[Result "1/2-1/2"]
[Round "04"]
[TimeControl "180+1"]
[Date "2022.12.13"]
[WhiteClock "0:00:12"]
[BlackClock "0:00:10"]

1. Nf3 d5 2. e3 c6 3. c4 Nf6 4. b3 Bg4 5. Bb2 Nbd7 6. h3 Bxf3 7. Qxf3 e5 8. cxd5 cxd5 9. Bb5 Bd6 10. Nc3 d4 11. Ne4 Nxe4 12. Qxe4 O-O 13. Qxb7 Nc5 14. Qf3 e4 15. Qe2 Be5 16. exd4 Bxd4 17. Bxd4 Qxd4 18. O-O Rfd8 19. Rac1 Rac8 20. Rc4 Qd3 21. Rxc5 Qxe2 22. Rxc8 Qxf1+ 23. Kxf1 Rxc8 24. Bc4 Kf8 25. Ke2 f5 26. Ke3 Ke7 27. g4 g6 28. gxf5 gxf5 29. d3 exd3 30. Bxd3 Kf6 31. Kf4 Rc5 32. Bc4 Re5 33. f3 Ra5 34. a4 Rc5 35. h4 a5 36. Ke3 Kg6 37. Kd4 Rc7 38. Ke5 Re7+ 39. Kf4 Kf6 40. h5 h6 41. Bd3 Re5 42. Bc4 Re1 43. Bd3 Rh1 44. Bxf5 Rxh5 45. Be4 Rc5 46. Bd3 Rc3 47. Bc4 h5 48. Bd5 h4 49. Kg4 Ke5 50. Bc4 h3 51. Kxh3 Rxf3+ 52. Kg4 Rc3 53. Bg8 Kd4 54. Kf4 Rc8 55. Bc4 Rf8+ 56. Kg4 Kc3 57. Kg3 Kb4 58. Kg4 Kc3 59. Kg3 Rb8 60. Kf4 Rxb3 61. Bxb3 Kxb3 62. Ke3 Kxa4 63. Kd2 Ka3 64. Kc1 Ka2 65. Kc2 a4 66. Kc1 a3 67. Kc2 Ka1 68. Kc1 a2 69. Kc2 1/2-1/2


[Site "https://www.chess.com"]

[Event "Titled Tuesday Blitz December 13 Late 2022"]
[White "Young, Ryan"]
[Black "Pham, Khoi"]
[WhiteFideId "2049945"]
[BlackFideId "1054988"]
[WhiteElo "2305"]
[BlackElo "2517"]
[Result "0-1"]
[Round "04"]
[TimeControl "180+1"]
[Date "2022.12.14"]
[WhiteClock "0:00:04"]
[BlackClock "0:00:32"]

1. d4 Nf6 2. c4 g6 3. Nf3 Bg7 4. Nc3 O-O 5. e4 d6 6. Be2 e5 7. O-O Nc6 8. d5 Ne7 9. b4 a5 10. Ba3 axb4 11. Bxb4 b6 12. a4 Nd7 13. Qb3 f5 14. Ng5 Nc5 15. Bxc5 bxc5 16. Ne6 Bxe6 17. dxe6 Nc6 18. Nb5 Qe7 19. Qc3 Nd4 20. Bd3 fxe4 21. a5 exd3 22. Qxd3 Nxe6 23. Qd5 Kh8 24. a6 Nf4 25. Qc6 Ne6 26. a7 Nd4 27. Qxc7 Qg5 28. Qxd6 Nf3+ 29. Kh1 Qh5 30. gxf3 Qxf3+ 31. Kg1 Rf5 32. h4 Qg4+ 33. Kh1 Qxh4+ 34. Kg2 Qg4+ 35. Kh2 Rh5# 0-1


[Site "https://www.chess.com"]

[Event "Titled Tuesday Blitz December 13 Late 2022"]
[White "Abasov, Nijat"]
[Black "Goltsev, Dmitry"]
[WhiteFideId "13402960"]
[BlackFideId "24176710"]
[WhiteElo "2546"]
[BlackElo "2327"]
[Result "0-1"]
[Round "05"]
[TimeControl "180+1"]
[Date "2022.12.13"]
[WhiteClock "0:00:27"]
[BlackClock "0:01:05"]

1. g3 g6 2. Bg2 Bg7 3. e4 e5 4. c3 c6 5. d4 exd4 6. cxd4 Ne7 7. Nc3 d5 8. e5 O-O 9. Nge2 f6 10. exf6 Bxf6 11. O-O Nf5 12. Be3 Nxe3 13. fxe3 Bg4 14. Qb3 Qb6 15. Nf4 Qxb3 16. axb3 Nd7 17. Nfxd5 cxd5 18. Bxd5+ Kh8 19. Bxb7 Rab8 20. Rxa7 Bg5 21. Re1 Rbe8 22. Be4 Nf6 23. Bc6 Rxe3 24. Rxe3 Bxe3+ 25. Kg2 Bxd4 26. Ra4 Rd8 27. h3 Be6 28. b4 Nd5 29. b5 Nxc3 30. bxc3 Bxc3 31. b6 Rb8 32. b7 Kg7 33. Kf3 Bxh3 34. Ke4 Bg2+ 0-1


[Site "https://www.chess.com"]

[Event "Titled Tuesday Blitz December 13 Late 2022"]
[White "Abdrlauf, Elham"]
[Black "O`Gorman, Tom"]
[WhiteFideId "1533533"]
[BlackFideId "2508249"]
[WhiteElo "2454"]
[BlackElo "2271"]
[Result "1-0"]
[Round "05"]
[TimeControl "180+1"]
[Date "2022.12.13"]
[WhiteClock "0:00:54"]
[BlackClock "0:00:32"]

1. e4 c5 2. Nf3 d6 3. d4 cxd4 4. Nxd4 Nf6 5. f3 e5 6. Nb3 Be7 7. c4 O-O 8. Nc3 Nh5 9. Be3 f5 10. exf5 Bh4+ 11. g3 Bg5 12. Qd2 Bxe3 13. Qxe3 Bxf5 14. g4 Qh4+ 15. Kd1 Nc6 16. gxf5 Nf4 17. Kd2 Rad8 18. Rd1 d5 19. cxd5 Nxd5 20. Nxd5 Rxd5+ 21. Kc1 Rxd1+ 22. Kxd1 Nb4 23. Nd2 Rd8 24. a3 Nd5 25. Qe4 Nf4 26. Bc4+ Kh8 27. Kc1 Qh6 28. Rd1 Qd6 29. Kb1 Qc5 30. Ka2 h6 31. Nb3 1-0


[Site "https://www.chess.com"]

[Event "Titled Tuesday Blitz December 13 Late 2022"]
[White "Adewumi, Tanitoluwa"]
[Black "Kovacevic, Radmila"]
[WhiteFideId "30966396"]
[BlackFideId "933171"]
[WhiteElo "2478"]
[BlackElo "2244"]
[Result "1-0"]
[Round "05"]
[TimeControl "180+1"]
[Date "2022.12.14"]
[WhiteClock "0:00:01"]
[BlackClock "0:00:04"]

1. e4 e5 2. Nf3 f5 3. d3 Nc6 4. Nc3 Nf6 5. exf5 d5 6. Bg5 Bb4 7. a3 Bxc3+ 8. bxc3 Bxf5 9. Be2 h6 10. Bh4 O-O 11. O-O g5 12. Bg3 Qe7 13. d4 e4 14. Ne5 Nd7 15. c4 Ncxe5 16. dxe5 dxc4 17. Bxc4+ Kh7 18. Rb1 b6 19. Qd5 Qc5 20. e6 Nf6 21. Qxc5 bxc5 22. Rb7 Rfe8 23. Rxc7+ Kg6 24. Rc6 Rac8 25. Ra6 Rcd8 26. Be5 Nd5 27. Rd1 Rxe6 28. Rxe6+ Bxe6 29. g3 Rd7 30. f4 exf3 31. Kf2 g4 32. Re1 Kf7 33. Bd3 Ne7 34. Re4 Bf5 35. Rf4 Ke6 36. Bc3 Bxd3 37. Rf6+ Kd5 38. cxd3 Nc6 39. Rf5+ Kd6 40. Rf6+ Kc7 41. Ke3 Re7+ 42. Kd2 Ne5 43. Rxh6 c4 44. Rf6 Nxd3 45. Rf5 f2 46. Bd4 Rd7 47. Kc3 Rxd4 48. Kxd4 Kd7 49. Rf4 1-0


[Site "https://www.chess.com"]

[Event "Titled Tuesday Blitz December 13 Late 2022"]
[White "Annaberdiyev, Babageldi"]
[Black "Donskov, Anatoly"]
[WhiteFideId "14000385"]
[BlackFideId "24143413"]
[WhiteElo "2332"]
[BlackElo "2219"]
[Result "1-0"]
[Round "05"]
[TimeControl "180+1"]
[Date "2022.12.14"]
[WhiteClock "0:01:00"]
[BlackClock "0:00:04"]

1. e4 e5 2. Nf3 Nc6 3. Bc4 Nf6 4. d4 exd4 5. O-O Nxe4 6. Re1 d5 7. Bxd5 Qxd5 8. Nc3 Qa5 9. Nxe4 Be6 10. Neg5 O-O-O 11. Nxe6 fxe6 12. Rxe6 Bd6 13. Bg5 Rde8 14. Qe2 Rxe6 15. Qxe6+ Kb8 16. Re1 a6 17. a3 h6 18. Bd2 Qb5 19. b4 Rf8 20. c4 Qf5 21. Qxf5 Rxf5 22. Re4 d3 23. h4 Ne5 24. Nd4 Rf8 25. Ne6 Re8 26. Nxg7 Rg8 27. c5 Rxg7 28. Kf1 Rf7 29. cxd6 cxd6 30. Bxh6 b5 31. Bf4 Nc4 32. g3 Kb7 33. Rd4 d2 34. Ke2 Nxa3 35. Rxd2 Nc4 36. Rd1 Kc6 37. h5 a5 38. bxa5 Nxa5 39. h6 Nc4 40. Rh1 Rh7 41. g4 b4 42. g5 b3 43. g6 Re7+ 44. Kf3 b2 45. g7 Re8 46. h7 Na3 47. g8=Q Rxg8 48. hxg8=Q b1=Q 49. Rxb1 Nxb1 50. Qc4+ Kd7 51. Qb5+ Ke6 52. Qxb1 1-0


[Site "https://www.chess.com"]

[Event "Titled Tuesday Blitz December 13 Late 2022"]
[White "Arbunic Castro, Giovanna"]
[Black "Mihajlov, Sebastian"]
[WhiteFideId "3400549"]
[BlackFideId "1512110"]
[WhiteElo "1951"]
[BlackElo "2464"]
[Result "0-1"]
[Round "05"]
[TimeControl "180+1"]
[Date "2022.12.14"]
[WhiteClock "0:01:21"]
[BlackClock "0:02:22"]

1. e4 g6 2. d4 Bg7 3. Be3 d6 4. Nc3 a6 5. Qd2 b5 6. Be2 Bb7 7. f3 Nd7 8. h4 h6 9. h5 g5 10. Nh3 e6 11. O-O Ngf6 12. Nf2 Nxh5 13. f4 Nxf4 14. Bxf4 gxf4 15. Qxf4 Bxd4 16. Rad1 Be5 17. Qg4 Nf6 18. Qh4 Bxc3 19. bxc3 Nxe4 20. Qxd8+ Rxd8 21. Nxe4 Bxe4 22. c4 b4 23. c5 dxc5 24. Bxa6 Rxd1 25. Rxd1 Ke7 26. Bd3 Bxd3 27. Rxd3 Ra8 28. Rh3 Rxa2 29. Rxh6 Rxc2 30. g4 b3 31. Rh7 b2 32. g5 b1=Q# 0-1


[Site "https://www.chess.com"]

[Event "Titled Tuesday Blitz December 13 Late 2022"]
[White "Arkell, Keith C"]
[Black "Pasti, Aron"]
[WhiteFideId "400270"]
[BlackFideId "785857"]
[WhiteElo "2356"]
[BlackElo "2250"]
[Result "1-0"]
[Round "05"]
[TimeControl "180+1"]
[Date "2022.12.14"]
[WhiteClock "0:00:27"]
[BlackClock "0:00:01"]

1. d4 d5 2. Nf3 Nf6 3. c4 e6 4. cxd5 exd5 5. Nc3 c6 6. Qc2 Bd6 7. Bg5 h6 8. Bxf6 Qxf6 9. Nxd5 Qd8 10. Nc3 O-O 11. e3 c5 12. Be2 Nc6 13. dxc5 Bxc5 14. O-O Be6 15. Rfd1 Nb4 16. Rxd8 Nxc2 17. Rxf8+ Kxf8 18. Rc1 Nb4 19. a3 Nc6 20. b4 Be7 21. Nb5 Rc8 22. Nfd4 Bd7 23. Nxc6 bxc6 24. Nd4 a5 25. bxa5 Bxa3 26. Ra1 Bb2 27. Ra2 c5 28. Nb5 Bf6 29. a6 Be6 30. Ra4 Bb3 31. Ra3 1-0


[Site "https://www.chess.com"]

[Event "Titled Tuesday Blitz December 13 Late 2022"]
[White "Arnold, Ken"]
[Black "Antonova, Nadezhda"]
[WhiteFideId "2056836"]
[BlackFideId "14700182"]
[WhiteElo "2369"]
[BlackElo "1814"]
[Result "1/2-1/2"]
[Round "05"]
[TimeControl "180+1"]
[Date "2022.12.14"]
[WhiteClock "0:01:52"]
[BlackClock "0:02:02"]

1. d4 Nf6 2. c4 g6 3. Nc3 Bg7 4. e4 d6 5. Nf3 O-O 6. Be2 e5 7. Bg5 Nc6 8. dxe5 dxe5 9. Qxd8 Nxd8 10. O-O-O Ne6 11. Bxf6 Bxf6 12. Nd5 Bg7 13. h4 c6 14. Ne7+ Kh8 15. Nxc8 Raxc8 16. Rd7 Nc5 17. Rhd1 Nxd7 18. Rxd7 Rb8 19. Kc2 Rfd8 20. Rxf7 Rf8 21. Rd7 Rfd8 22. Re7 Re8 23. Rd7 Red8 24. Re7 Re8 25. Rd7 Red8 1/2-1/2


[Site "https://www.chess.com"]

[Event "Titled Tuesday Blitz December 13 Late 2022"]
[White "Barbot, Pierre"]
[Black "Gerbelli Neto, Eduardo"]
[WhiteFideId "663727"]
[BlackFideId "2103281"]
[WhiteElo "2439"]
[BlackElo "2178"]
[Result "0-1"]
[Round "05"]
[TimeControl "180+1"]
[Date "2022.12.14"]
[WhiteClock "0:00:02"]
[BlackClock "0:00:32"]

1. d4 d5 2. Nf3 Nf6 3. Bf4 Bf5 4. e3 e6 5. c4 Bxb1 6. Rxb1 Bb4+ 7. Ke2 O-O 8. c5 c6 9. a3 Ba5 10. b4 Bc7 11. Ne5 Nbd7 12. f3 Nxe5 13. dxe5 Nd7 14. Kf2 Nxe5 15. g4 f5 16. g5 Ng6 17. Bxc7 Qxc7 18. h4 f4 19. e4 dxe4 20. Bc4 Qe5 21. Qd6 e3+ 22. Ke2 Rfe8 23. h5 Rad8 24. Bxe6+ Qxe6 25. Qxe6+ Rxe6 26. hxg6 Rd2+ 27. Ke1 Rxg6 28. Rd1 Rxd1+ 29. Kxd1 Rxg5 30. Rh4 Rg1+ 31. Ke2 g5 32. Rh6 Rg2+ 33. Ke1 Kg7 34. Rd6 g4 35. fxg4 f3 36. Kf1 Ra2 37. Rd7+ Kg6 0-1


[Site "https://www.chess.com"]

[Event "Titled Tuesday Blitz December 13 Late 2022"]
[White "Barria Zuniga, Daniel"]
[Black "Reprintsev, Alexander"]
[WhiteFideId "3400816"]
[BlackFideId "14100541"]
[WhiteElo "2414"]
[BlackElo "2230"]
[Result "1/2-1/2"]
[Round "05"]
[TimeControl "180+1"]
[Date "2022.12.14"]
[WhiteClock "0:00:12"]
[BlackClock "0:00:09"]

1. d4 d5 2. c4 e5 3. dxe5 d4 4. Nf3 Nc6 5. g3 Nge7 6. Bg2 Ng6 7. O-O Ngxe5 8. Nxe5 Nxe5 9. Na3 Bxa3 10. Qa4+ c6 11. Qxa3 Nxc4 12. Qc5 Be6 13. Rd1 Qb6 14. Qg5 O-O 15. b3 Nd6 16. Ba3 Nb5 17. Bxf8 Rxf8 18. Rac1 Nc3 19. Rd2 c5 20. e3 h6 21. Qf4 Qa6 22. exd4 Ne2+ 23. Rxe2 Qxe2 24. dxc5 Qxa2 25. b4 Bd5 26. Bxd5 Qxd5 27. b5 Rc8 28. Qe3 b6 29. cxb6 Rxc1+ 30. Qxc1 axb6 31. Qc8+ Kh7 32. Qc6 Qd4 33. h4 h5 34. Kg2 g6 35. Kf3 Kg7 36. Ke2 Kf8 37. Kf3 Ke7 38. Ke2 Kf8 39. f3 Ke7 40. Qc7+ Ke6 41. Qc6+ Qd6 42. Qc4+ Qd5 43. Qc8+ Qd7 44. Qc4+ Qd5 45. Qc8+ Qd7 46. Qc4+ Qd5 1/2-1/2


[Site "https://www.chess.com"]

[Event "Titled Tuesday Blitz December 13 Late 2022"]
[White "Bernabeu Lopez, Carlos Javier"]
[Black "Przybylski, Wojciech"]
[WhiteFideId "2235366"]
[BlackFideId "1117599"]
[WhiteElo "2324"]
[BlackElo "2217"]
[Result "1-0"]
[Round "05"]
[TimeControl "180+1"]
[Date "2022.12.14"]
[WhiteClock "0:00:27"]
[BlackClock "0:00:03"]

1. e4 e5 2. Nf3 Nc6 3. Bb5 Nf6 4. O-O Nxe4 5. Re1 Nd6 6. a4 Be7 7. Nc3 a6 8. Bf1 O-O 9. Nxe5 Nxe5 10. Rxe5 Bf6 11. Re1 c6 12. a5 Nf5 13. Ne4 d5 14. Nxf6+ Qxf6 15. Qf3 Be6 16. c3 Qg6 17. d4 Nd6 18. Bf4 Ne4 19. h3 h5 20. Ra3 Rae8 21. Rb3 Bf5 22. Re2 Re7 23. Re3 Nd2 24. Qd1 Rxe3 25. Qxd2 Re7 26. Ra3 Rfe8 27. Ra1 Bxh3 28. Bg5 f6 29. Bf4 Bf5 30. c4 h4 31. cxd5 cxd5 32. Kh2 Qg4 33. f3 Qh5 34. Qf2 g5 35. Bd6 Rd7 36. Bc5 g4 37. fxg4 Qxg4 38. b4 Rg7 39. b5 Qg3+ 40. Kg1 Be4 41. Qxg3 Rxg3 42. Kf2 axb5 43. Ra2 Rb3 44. a6 bxa6 45. Rxa6 Kf7 46. Ra7+ Kg6 47. Be2 b4 48. Bb5 Rb8 49. Ba4 Rg3 50. Bd6 Rxg2+ 51. Ke3 Rc8 52. Bc5 b3 53. Rb7 b2 54. Bd7 Rd8 55. Be6 b1=Q 56. Bf7+ Kh6 57. Rxb1 Bxb1 58. Kf4 Be4 59. Be6 Rf2+ 60. Kg4 Rf8 61. Kh3 f5 62. Bxf8+ Kg6 63. Bd6 Kg5 64. Be7+ Kg6 65. Bxh4 f4 66. Bxf2 f3 67. Kg3 Kf6 68. Bc8 Kg5 69. Bd7 Kf6 70. Be3 Ke7 71. Bg4 Kd6 72. Bxf3 Bd3 73. Kf4 Kc6 74. Bf2 Bc4 75. Ke5 Bb3 76. Bg4 Bc4 77. Be6 Bb3 78. Bg3 Bc4 79. Bh4 Bb3 80. Bf6 Bc4 81. Bf7 Bb3 82. Be8+ Kb6 83. Kd6 Bc4 84. Bf7 Kb5 85. Bxd5 Bd3 86. Bc6+ Kb6 87. Bd8+ Ka7 88. Kc5 Bf5 89. d5 Kb8 90. Bb6 Kc8 91. d6 Be6 92. Kd4 Bg4 93. Ke5 Bh3 94. Kf6 Bd7 95. Bd5 Kb8 96. Ke7 Bf5 97. Be6 1-0


[Site "https://www.chess.com"]

[Event "Titled Tuesday Blitz December 13 Late 2022"]
[White "Bettalli, Francesco"]
[Black "Rosen, Eric"]
[WhiteFideId "2816453"]
[BlackFideId "2032562"]
[WhiteElo "2216"]
[BlackElo "2362"]
[Result "0-1"]
[Round "05"]
[TimeControl "180+1"]
[Date "2022.12.14"]
[WhiteClock "0:01:56"]
[BlackClock "0:02:23"]

1. d4 d5 2. Nc3 Nf6 3. Bg5 Nbd7 4. Qd3 c6 5. e4 dxe4 6. Nxe4 Nxe4 7. Qxe4 Qa5+ 8. Bd2 Qb6 9. O-O-O Nf6 10. Qh4 Bf5 11. Nf3 e6 12. Ne5 Be7 13. Qf4 Nd5 14. Qf3 Qxd4 15. Nd3 Bg4 0-1


[Site "https://www.chess.com"]

[Event "Titled Tuesday Blitz December 13 Late 2022"]
[White "Blanco Acevedo, Cristobal Jose"]
[Black "Ansh M Shah"]
[WhiteFideId "3900525"]
[BlackFideId "25033379"]
[WhiteElo "2273"]
[BlackElo "2084"]
[Result "1-0"]
[Round "05"]
[TimeControl "180+1"]
[Date "2022.12.14"]
[WhiteClock "0:00:19"]
[BlackClock "0:00:44"]

1. e4 c6 2. Nc3 d5 3. Nf3 dxe4 4. Nxe4 Nf6 5. Bd3 Bg4 6. Ng3 Nbd7 7. Be2 e6 8. d4 Bd6 9. Be3 Nd5 10. Qd2 N7f6 11. Bd3 Nxe3 12. fxe3 Qc7 13. Qf2 O-O-O 14. c3 Rhe8 15. O-O Bxf3 16. gxf3 e5 17. Bf5+ Kb8 18. Kh1 g6 19. Bh3 exd4 20. cxd4 Bxg3 21. hxg3 Nh5 22. Rg1 f5 23. Rae1 Re7 24. g4 Ng7 25. Qh2 Qxh2+ 26. Kxh2 fxg4 27. Bxg4 Rde8 28. e4 Ne6 29. Bxe6 Rxe6 30. Rd1 Rf8 31. Kg3 Ref6 32. Rd3 Kc7 33. Rc1 b6 34. d5 c5 35. e5 Rf5 36. Re1 Rd8 37. d6+ Kc6 38. e6 Rxd6 39. Rxd6+ Kxd6 40. e7 Rf8 41. exf8=Q+ 1-0


[Site "https://www.chess.com"]